 Dungeon Crawl Stone Soup version 0.21.1-1-g345015f (webtiles) character file.

31978 Gremour the Cleaver (level 13, -6/116 HPs)
             Began as a Hill Orc Fighter on Mar 21, 2018.
             Was a High Priest of the Shining One.
             Mangled by an orc warrior
             ... wielding a +0 short sword
              (9 damage)
             ... on level 13 of the Dungeon on Mar 30, 2018.
             The game lasted 01:22:15 (13299 turns).

Gremour the Cleaver (Hill Orc Fighter)             Turns: 13299, Time: 01:22:17

Health: -6/116     AC: 23    Str: 20    XL:     13   Next: 61%
Magic:  19/19      EV: 10    Int:  8    God:    the Shining One [*****.]
Gold:   665        SH:  0    Dex: 14    Spells: 12/12 levels left

rFire    + + .     SeeInvis .   (no weapon)
rCold    . . .     Gourm    +   c - +0 shield
rNeg     + + .     Faith    .   I - +3 ring mail of Dishonesty {rF+ Regen+}
rPois    .         Spirit   .   j - +2 hat
rElec    .         Reflect  .   P - +0 cloak
rCorr    .         Harm     .   D - +1 pair of gloves
MR       .....                  G - +2 pair of boots
Stlth    ..........             H - amulet of the gourmand
HPRegen  0.69/turn              g - +3 ring of protection
MPRegen  0.16/turn              y - ring of protection from fire

@: confused, lethally poisoned (-6 -> -7), glowing
A: no striking features
a: Divine Shield, Cleansing Flame, Summon Divine Warrior, Renounce Religion,
Convert to Beogh


You were on level 13 of the Dungeon.
You worshipped the Shining One.
The Shining One was extremely pleased with you.
You were not hungry.

You visited 2 branches of the dungeon, and saw 14 of its levels.

You collected 665 gold pieces.

Inventory:

Hand Weapons
 a - the +10 flail of Infection {flame, Dex+7}
   (You found it on level 8 of the Dungeon)

   It has been specially enchanted to burn those struck by it, causing extra
   injury to most foes and up to half again as much damage against particularly
   susceptible opponents.
   It affects your dexterity (+7).
 b - the +8 frozen axe "Frostbite" {freezing cloud, *Noise +Fly rC+}
   (You found it on level 12 of the Dungeon)

   It has been specially enchanted to freeze those struck by it, causing extra
   injury to most foes and up to half again as much damage against particularly
   susceptible opponents.
   It can also slow down cold-blooded creatures.
   It protects you from cold.
   It lets you fly.
   It may make noises in combat.
 w - a +1 war axe of flaming
Missiles
 t - 5 javelins (quivered)
Armour
 c - a +0 shield (worn)
 j - a +2 hat (worn)
 D - a +1 pair of gloves (worn)
 G - a +2 pair of boots (worn)
 I - the +3 ring mail of Dishonesty (worn) {rF+ Regen+}
   (You found it on level 13 of the Dungeon)

   It protects you from fire.
   It increases your rate of regeneration.
 P - a +0 cloak (worn)
 Q - +0 ice dragon scales
Jewellery
 g - a +3 ring of protection (left hand)
 n - an uncursed ring of protection from cold
 x - an uncursed ring of positive energy
 y - a ring of protection from fire (right hand)
 z - an uncursed ring of ice
 A - an uncursed amulet of magic regeneration
 H - an amulet of the gourmand (around neck)
Wands
 h - a wand of paralysis (22)
 M - a wand of acid (13)
 N - a wand of iceblast (38)
Scrolls
 e - 5 scrolls of teleportation
 i - 4 scrolls of identify
 k - a scroll of enchant weapon
 o - 2 scrolls of amnesia
 q - 6 scrolls of remove curse
 r - 2 scrolls of brand weapon
 v - a scroll of fog
 J - 4 scrolls of blinking
Potions
 d - a potion of degeneration {unknown}
 l - a potion of curing
 m - 2 potions of flight
 s - a potion of mutation {unknown}
 E - a potion of agility
 F - 3 potions of resistance
 O - a potion of cancellation
Books
 u - a book of Maledictions

   Spells                             Type                      Level
   a - Corona                         Hexes                        1
   b - Ensorcelled Hibernation        Hexes/Ice                    2
   c - Confuse                        Hexes                        3
   d - Tukima's Dance                 Hexes                        3
   e - Dazzling Spray                 Conjuration/Hexes            3
 C - a book of Flames

   Spells                             Type                      Level
   a - Flame Tongue                   Conjuration/Fire             1
   b - Throw Flame                    Conjuration/Fire             2
   c - Conjure Flame                  Conjuration/Fire             3
   d - Inner Flame                    Hexes/Fire                   3
   e - Sticky Flame                   Conjuration/Fire             4
   f - Fireball                       Conjuration/Fire             5
 K - a book of Ice

   Spells                             Type                      Level
   a - Ice Form                       Ice/Transmutation            4
   b - Metabolic Englaciation         Hexes/Ice                    5
   c - Ozocubu's Refrigeration        Ice                          6
   d - Bolt of Cold                   Conjuration/Ice              6
   e - Freezing Cloud                 Conjuration/Ice/Air          6
   f - Simulacrum                     Ice/Necromancy               6
Miscellaneous
 p - a phantom mirror
 L - a phial of floods
Comestibles
 f - 15 rations


   Skills:
 + Level 11.4 Fighting
 * Level 14.9 Axes
 * Level 11.4 Armour
 + Level 13.9 Shields
 * Level 8.2 Invocations


You had 12 spell levels left.
You didn't know any spells.

Dungeon Overview and Level Annotations

Branches:
Dungeon (13/15) Temple (1/1) D:5 Lair (0/6) D:8 Orc (0/2) D:9 Vaults (0/5) D:12 D:13

Altars:
Ashenzari
Cheibriados
Dithmenos
Elyvilon
Fedhas
Gozag
Hepliaklqana
Kikubaaqudgha
Makhleb
Nemelex Xobeh
Okawaru
Qazlal
Ru
Sif Muna
Trog
Uskayaw
Vehumet
Wu Jian
Xom
Yredelemnul
Zin
The Shining One

Shops:
D:5 [   D:13 =


Message History

Your surroundings suddenly seem different.
You are confused.
You are now empty-handed.
You drop a +1 eveningstar of distortion. 3 orcs, an orc warrior and an orc priest come into view.
An orc is wielding a hand axe of venom.
The orc warrior shouts!
The orc shouts! x2
The orc hits you but does no damage.
You are poisoned.
The orc priest begins to cast a cantrip, but forgets the words!
Found a +1 eveningstar of distortion and a helmet.
Okay, then.
You're too confused!
You are more confused.
You feel invigorated.
You feel sick.
The orc priest mumbles some strange prayers to Beogh against you.
Beogh smites you!
* * * LOW HITPOINT WARNING * * *
The orc warrior hits you with a short sword!
You die...

#############
#.....o......
+....@oo[....
#.......o....
##....o###...
#.....# .
#......
........
#........
##...##.##
+##


You could see an orc warrior, an orc priest and 3 orcs.

Vanquished Creatures
  Gastronok (D:9)
  Nessos (D:13)
  A fire dragon (D:13)
  An ice dragon (D:12)
  A death knight (D:12)
  A centaur warrior (D:13)
  A tengu warrior (D:13)
  4 two-headed ogres
  Urug (D:12)
  3 skeletal warriors
  An unseen horror (D:11)
  5 ugly things
  A manticore (D:12)
  A deep elf mage (D:13)
  2 cyclopes (D:12)
  Maurice (D:9)
  A water nymph (shapeshifter) (D:13)
  Joseph (D:9)
  4 molten gargoyles (D:10)
  A rime drake (D:12)
  A kobold demonologist (D:12)
  3 polar bears (D:12)
  3 trolls
  5 hippogriffs
  2 wraiths
  10 yaks (D:9)
  A wyvern (D:10)
  19 humans
  2 hungry ghosts
  A water moccasin (D:10)
  2 sky beasts (D:9)
  3 orc warriors
  3 black bears
  5 ice beasts
  An eye of draining (D:9)
  2 necrophages
  9 ogres
  3 phantoms
  6 centaurs
  2 crocodiles
  5 big kobolds (D:9)
  9 bullfrogs
  2 gnoll sergeants (D:9)
  A scorpion (D:4)
  19 killer bees
  9 crimson imps
  4 howler monkeys
  A bullfrog zombie (D:8)
  6 hounds
  9 orc priests
  2 jellies
  5 bullfrog skeletons
  3 centaur skeletons
  3 iguanas
  13 orc wizards
  15 worker ants
  A bullfrog simulacrum (D:13)
  14 adders
  13 gnolls
  5 shadow imps
  3 oozes
  An adder skeleton (D:8)
  5 worms
  A dart slug (D:4)
  4 leopard geckos
  65 orcs
  7 giant cockroaches
  18 goblins
  14 hobgoblins
  9 jackals
  14 kobolds
  6 quokkas
  7 bats
  7 frilled lizards
  A leopard gecko skeleton (D:5)
  A quokka skeleton (D:8)
  2 quokka zombies (D:6)
  8 rats
428 creatures vanquished.

Vanquished Creatures (others)
  2 quokkas
2 creatures vanquished.

Grand Total: 430 creatures vanquished

Notes
Turn   | Place    | Note
-------+----------+-------------------------------------------
     0 | D:1      | Gremour the Hill Orc Fighter began the quest for the Orb.
     0 | D:1      | Reached XP level 1. HP: 19/19 MP: 1/1
    40 | D:1      | Reached skill level 3 in Axes
   207 | D:1      | Reached XP level 2. HP: 26/26 MP: 2/2
   357 | D:1      | Reached skill level 4 in Axes
   813 | D:2      | Found a burning altar of Makhleb.
   822 | D:2      | Reached skill level 5 in Axes
   822 | D:2      | Reached XP level 3. HP: 22/31 MP: 3/3
   881 | D:2      | Found a shadowy altar of Dithmenos.
   891 | D:2      | Reached XP level 4. HP: 36/39 MP: 4/4
  1363 | D:3      | Reached skill level 6 in Axes
  1866 | D:3      | Found a blossoming altar of Fedhas.
  2004 | D:4      | Reached XP level 5. HP: 35/45 MP: 5/5
  2038 | D:4      | Reached skill level 7 in Axes
  2262 | D:4      | Reached skill level 8 in Axes
  2262 | D:4      | Reached XP level 6. HP: 47/51 MP: 6/6
  2473 | D:4      | Reached skill level 9 in Axes
  2699 | D:4      | Reached XP level 7. HP: 54/57 MP: 7/7
  2722 | D:4      | Reached skill level 10 in Axes
  2964 | D:4      | Found a sacrificial altar of Ru.
  3160 | D:5      | Entered Level 5 of the Dungeon
  3213 | D:5      | Reached skill level 11 in Axes
  3401 | D:5      | Reached XP level 8. HP: 62/64 MP: 8/8
  3440 | D:5      | Found Enel's Antique Armour Emporium.
  3487 | D:5      | Found a staircase to the Ecumenical Temple.
  3492 | Temple   | Entered the Ecumenical Temple
  3542 | Temple   | Became a worshipper of the Shining One
  3962 | D:5      | Reached skill level 12 in Axes
  4429 | D:6      | Got a faintly glowing trident
  4430 | D:6      | Identified the +4 trident "Newtslayer" {freeze, -Tele rC+ Str+3} (You found it on level 6 of the Dungeon)
  4458 | D:6      | Reached skill level 1 in Invocations
  4958 | D:6      | Found a sparkling altar of Nemelex Xobeh.
  5111 | D:6      | Found a shattered altar of Ashenzari.
  5111 | D:6      | Found a stormy altar of Qazlal.
  5121 | D:6      | Found an opulent altar of Gozag.
  5136 | D:6      | Found a burning altar of Makhleb.
  5136 | D:6      | Reached * piety under the Shining One
  5172 | D:6      | Found a basalt altar of Yredelemnul.
  5440 | D:7      | Reached XP level 9. HP: 57/72 MP: 9/11
  5463 | D:7      | Reached skill level 13 in Axes
  5464 | D:7      | Reached skill level 5 in Fighting
  5899 | D:7      | Reached skill level 5 in Armour
  6119 | D:7      | Got a transparent leather armour
  6130 | D:7      | Identified the +1 leather armour of Brilliance {+Inv rC+ Str+2 Int-2} (You found it on level 7 of the Dungeon)
  6449 | D:8      | Found a staircase to the Lair.
  6514 | D:8      | Reached ** piety under the Shining One
  6514 | D:8      | Reached skill level 5 in Shields
  6571 | D:8      | Found a shimmering altar of Xom.
  6572 | D:8      | Found a hazy altar of Hepliaklqana.
  6573 | D:8      | Noticed a spectral ugly thing
  6668 | D:8      | Got a crude flail
  6669 | D:8      | Identified the +10 flail of Infection {flame, Dex+7} (You found it on level 8 of the Dungeon)
  7026 | D:8      | Reached XP level 10. HP: 78/84 MP: 13/13
  7044 | D:8      | Found an ornate altar of the Wu Jian Council.
  7541 | D:9      | Found an iron altar of Okawaru.
  7645 | D:9      | Noticed Joseph
  7667 | D:9      | Killed Joseph
  7667 | D:9      | Reached skill level 10 in Shields
  7936 | D:9      | Found a staircase to the Orcish Mines.
  7982 | D:9      | Reached XP level 11. HP: 28/92 MP: 14/14
  8251 | D:9      | Noticed Maurice
  8267 | D:9      | Killed Maurice
  8360 | D:9      | Found a white marble altar of Elyvilon.
  8390 | D:9      | Noticed Gastronok
  8390 | D:9      | Reached *** piety under the Shining One
  8423 | D:9      | Killed Gastronok
  8720 | D:10     | Entered Level 10 of the Dungeon
  9476 | D:10     | Got a sheer robe
  9487 | D:10     | Identified the +1 robe of Disappointment {SInv} (You found it on level 10 of the Dungeon)
 10059 | D:11     | Noticed a brown ugly thing
 10059 | D:11     | Noticed a two-headed ogre
 10059 | D:11     | Reached **** piety under the Shining One
 10064 | D:11     | Killed a two-headed ogre
 10064 | D:11     | Reached XP level 12. HP: 86/105 MP: 15/15
 10071 | D:11     | Reached skill level 5 in Invocations
 10733 | D:11     | Noticed a two-headed ogre
 10741 | D:11     | Killed a two-headed ogre
 10741 | D:11     | Reached skill level 10 in Fighting
 10947 | D:12     | Reached skill level 10 in Armour
 10963 | D:12     | Noticed an ice dragon
 10964 | D:12     | Found the +8 frozen axe "Frostbite" {freezing cloud, *Noise +Fly rC+}
 10989 | D:12     | Killed an ice dragon
 11255 | D:12     | Noticed a two-headed ogre
 11255 | D:12     | Noticed a death knight
 11261 | D:12     | Reached skill level 14 in Axes
 11267 | D:12     | Killed a death knight
 11649 | D:12     | Killed a two-headed ogre
 11744 | D:12     | Reached XP level 13. HP: 104/115 MP: 18/18
 12290 | D:13     | Found a gate to the Vaults.
 12290 | D:13     | Reached ***** piety under the Shining One
 12290 | D:13     | Noticed Urug
 12290 | D:13     | Noticed Nessos
 12385 | D:12     | Killed Urug
 12742 | D:13     | Killed Nessos
 13102 | D:13     | Found Gato's Jewellery Shoppe.
 13238 | D:13     | Noticed a fire dragon
 13257 | D:13     | Killed a fire dragon
 13283 | D:13     | Got a transparent ring mail
 13294 | D:13     | Identified the +3 ring mail of Dishonesty {rF+ Regen+} (You found it on level 13 of the Dungeon)
 13299 | D:13     | HP: 3/116 [orc priest/divine providence (13)]
 13299 | D:13     | Mangled by an orc warrior

Skill      XL: |  1  2  3  4  5  6  7  8  9 10 11 12 13 |
---------------+----------------------------------------+-----
Axes           | 3 5 6 8 9 11 12 13 14 | 14.9
Invocations    | 2 4 7 8 |  8.2
Fighting       | 4 6 7 9 10 11 | 11.4
Shields        | 4 6 10 12 13 | 13.9
Armour         | 4 5 6 9 10 11 | 11.4

Action                   |  1- 3 |  4- 6 |  7- 9 | 10-12 | 13-15 || total
-------------------------+-------+-------+-------+-------+-------++-------
Melee: War axe           |    87 |   148 |   108 |       |       ||   343
       Trident           |       |       |   196 |       |       ||   196
       Flail             |       |       |    50 |   470 |   159 ||   679
       Executioner's axe |       |       |       |     8 |       ||     8
Invok: Divine Shield     |       |       |       |     2 |     1 ||     3
       Cleansing Flame   |       |       |       |     1 |     1 ||     2
  Use: Potion            |       |     2 |       |     4 |     7 ||    13
       Scroll            |       |       |     5 |    15 |       ||    20
  Eat: Chunk             |       |     6 |    11 |    11 |     9 ||    37
       Ration            |       |       |     1 |     2 |       ||     3
Armor: Scale mail        |    41 |    58 |    78 |   144 |       ||   321
       Ring mail         |       |       |    37 |       |     1 ||    38
       Ice dragon scales |       |       |       |    41 |   116 ||   157
Dodge: Dodged            |    25 |    33 |    69 |   107 |    62 ||   296
Block: Shield            |    46 |    70 |   124 |   296 |   157 ||   693
